 Dungeon Crawl Stone Soup version 0.24.1-11-gbbbb2193e6 (webtiles) character file.

Game seed: 16409300530078803294, levelgen mode: deterministic

116 Peloso the Covered (level 4, -1/35 HPs)
             Began as a Demonspawn Fighter on May 10, 2020.
             Slain by Crazy Yiuf
             ... wielding a +4 quarterstaff of chaos
              (8 damage)
             ... on level 2 of the Dungeon.
             The game lasted 00:03:22 (1302 turns).

Peloso the Covered (Demonspawn Fighter)             Turns: 1302, Time: 00:03:25

Health: -1/35      AC:  9    Str: 16 (17) XL:     4   Next: 70%
Magic:  4/4        EV:  7    Int:  8 (10) God:
Gold:   56         SH:  8    Dex: 10 (12) Spells: 3/3 levels left

rFire    . . .     SeeInvis .   a - +0 long sword
rCold    . . .     Gourm    .   c - +0 shield
rNeg     . . .     Faith    .   b - +0 scale mail
rPois    .         Spirit   .   o - +0 helmet
rElec    .         Reflect  .   (no cloak)
rCorr    .         Harm     .   m - +0 pair of gloves
MR       .....                  (no boots)
Stlth    ..........             (no amulet)
HPRegen  0.11/turn              (no ring)
MPRegen  0.09/turn              (no ring)

@: no status effects
A: claws 1
a: no special abilities


You were on level 2 of the Dungeon.
You were not hungry.

You visited 1 branch of the dungeon, and saw 2 of its levels.

You collected 56 gold pieces.

Inventory:

Hand Weapons
 a - a +0 long sword (weapon)
Armour
 b - a +0 scale mail (worn)
 c - a +0 shield (worn)
 m - a +0 pair of gloves (worn)
 o - a +0 helmet (worn)
Wands
 k - a wand of random effects (22)
Scrolls
 e - a scroll of immolation {unknown}
 g - 2 scrolls of enchant weapon {unknown}
 h - 2 scrolls of fog {unknown}
 l - a scroll of random uselessness {unknown}
 n - a scroll of teleportation {unknown}
 r - 2 scrolls of identify {unknown}
Potions
 d - a potion of might
 i - a potion of mutation {unknown}
 j - a potion of flight {unknown}
 p - 2 potions of curing {unknown}
Comestibles
 f - 4 rations
 q - a chunk of flesh


   Skills:
 + Level 3.4 Fighting
 + Level 3.1 Long Blades
 + Level 3.5 Armour
 + Level 0.5 Dodging
 + Level 3.0 Shields


You had 3 spell levels left.
You didn't know any spells.
Your spell library was empty.

Dungeon Overview and Level Annotations

Branches:
Dungeon (2/15)

Altars:

Annotations:
D:2 Crazy Yiuf


Innate Abilities, Weirdness & Mutations

You have sharp fingernails.


Message History

You block Crazy Yiuf's attack.
Crazy Yiuf says, "Race noodlescoop cloud!"
Crazy Yiuf hits you but does no damage.
You barely miss Crazy Yiuf.
Crazy Yiuf is heavily wounded.
Crazy Yiuf hits you but does no damage.
You hit Crazy Yiuf but do no damage.
Crazy Yiuf is heavily wounded.
Crazy Yiuf says, "Snurf!
East sanguine high."
You block Crazy Yiuf's attack.
You hit Crazy Yiuf but do no damage.
Crazy Yiuf is heavily wounded.
Crazy Yiuf barely misses you.
You hit Crazy Yiuf but do no damage.
Crazy Yiuf is heavily wounded.
Crazy Yiuf says, "Snoogle!"
Crazy Yiuf hits you with a +4 quarterstaff of chaos!
* * * LOW HITPOINT WARNING * * *
Crazy Yiuf hits you with a +4 quarterstaff of chaos!
You die...

#.# #.# #.# #.#
#.# #.# ### ###
### ######
#)..### ##..#.##
#...g@####PP....#
#...##..#..P....#
### ###
###.#...##.# #.#
#######..# #.#
#.#######
#.####### ####
###........
#.##....# #..#
#........#.
#.#.....# #..#
########.#.
#.##....# #..#
#.#.


You could see Crazy Yiuf.

Vanquished Creatures
  Terence (D:2)
  Robin (D:2)
  2 adders (D:2)
  3 dart slugs
  2 leopard geckos
  6 bats
  2 giant cockroaches
  9 goblins (D:2)
  5 hobgoblins (D:2)
  4 jackals (D:1)
  6 kobolds
  A quokka (D:2)
  A ball python (D:1)
  3 frilled lizards
  6 rats
52 creatures vanquished.

Notes
Turn   | Place    | Note
-------+----------+-------------------------------------------
     0 | D:1      | Peloso the Demonspawn Fighter began the quest for the Orb.
     0 | D:1      | Reached XP level 1. HP: 18/18 MP: 1/1
   173 | D:1      | Gained mutation: You have sharp fingernails. [demonic
                  | ancestry]
   173 | D:1      | Reached XP level 2. HP: 20/24 MP: 2/2
   370 | D:1      | Reached XP level 3. HP: 25/29 MP: 3/3
   679 | D:2      | Noticed Terence
   688 | D:2      | Killed Terence
   793 | D:2      | Reached XP level 4. HP: 31/35 MP: 4/4
   797 | D:2      | Noticed Robin
   810 | D:2      | Killed Robin
  1291 | D:2      | Found a runed translucent door.
  1292 | D:2      | Noticed Crazy Yiuf
  1302 | D:2      | Slain by Crazy Yiuf

Levels and vault maps discovered:
D:1:      dpeg_arrival_rooms_c, layout_basic, serial_forest,
          infiniplex_forest_straight_4, infiniplex_forest_clump_diagonal,
          infiniplex_forest_fountain, infiniplex_forest_end_2,
          infiniplex_forest_clump_curved
D:2:      layout_loops_ring, first_ration, nrook_mini_vaults, minmay_tripent,
          uniq_robin, uniq_crazy_yiuf_cottage, uniq_terence

Skill      XL: |  1  2  3  4 |
---------------+-------------+-----
Armour         | 3 |  3.5
Long Blades    | 2 3 |  3.1
Shields        | 3 |  3.0
Fighting       | |  3.4
Dodging        | |  0.5

Action                   |  1- 3 |  4- 6 || total
-------------------------+-------+-------++-------
Melee: Long sword        |   115 |    58 ||   173
  Use: Potion            |     2 |       ||     2
  Eat: Chunk             |       |     2 ||     2
Armor: Scale mail        |    60 |    33 ||    93
Dodge: Dodged            |    45 |    14 ||    59
Block: Shield            |    91 |    27 ||   118
       Rpst.: Long sword |    14 |     6 ||    20
